 Dungeon Crawl Stone Soup version 0.28-a0-268-g3f656e82c2 (webtiles) character file.

Game seed: 14986760823082791427

23 frimble the Magician (level 3, -3/28 HPs)
             Began as a Gnoll Wanderer on Aug 29, 2021.
             Slain by a worm (8 damage)
             ... on level 1 of the Dungeon.
             The game lasted 00:01:25 (2009 turns).

frimble the Magician (Gnoll Wanderer)               Turns: 2009, Time: 00:01:25

Health: -3/28      AC:  2    Str: 12    XL:     3   Next: 0%
Magic:  11/11      EV: 12    Int: 11    God:
Gold:   10         SH:  0    Dex: 11    Spells: 13/16 levels left

rFire   . . .      SeeInvis .   f - staff of death
rCold   . . .      Faith    .   (no shield)
rNeg    + . .      Spirit   .   c - +0 robe
rPois   .          Reflect  .   (no helmet)
rElec   .          Harm     .   (no cloak)
rCorr   .          Rampage  .   (no gloves)
Will    .....                   (no boots)
Stlth   ++........              (no amulet)
HPRegen 0.09/turn               (no ring)
MPRegen 0.12/turn               (no ring)

@: no status effects
A: fangs 1, strong nose, distributed training
a: no special abilities


You were on level 1 of the Dungeon.
You visited 1 branch of the dungeon, and saw 2 of its levels.

You collected 10 gold pieces.

Inventory:

Hand Weapons
 a - a +0 club
Armour
 c - a +0 robe (worn)
Magical Staves
 f - a staff of death (weapon)
Scrolls
 e - a scroll of teleportation {unknown}
Potions
 d - 2 potions of curing
 g - a potion of brilliance {unknown}
Miscellaneous
 b - a piece from Xom's chessboard (15/15)


   Skills:
 + Level 2.5 Fighting
 + Level 0.5 Short Blades
 + Level 0.5 Long Blades
 + Level 0.5 Axes
 + Level 0.5 Maces & Flails
 + Level 0.5 Polearms
 + Level 4.5 Staves
 + Level 0.5 Slings
 + Level 0.5 Bows
 + Level 0.5 Crossbows
 + Level 2.5 Throwing
 + Level 0.5 Armour
 + Level 2.5 Dodging
 + Level 2.3 Stealth
 + Level 0.5 Shields
 + Level 0.5 Unarmed Combat
 + Level 7.1 Spellcasting
 + Level 0.4 Conjurations
 + Level 0.4 Hexes
 + Level 0.4 Summonings
 + Level 0.4 Necromancy
 + Level 0.4 Translocations
 + Level 0.4 Transmutations
 + Level 0.4 Fire Magic
 + Level 0.4 Ice Magic
 + Level 0.4 Air Magic
 + Level 0.4 Earth Magic
 + Level 0.4 Poison Magic
 + Level 0.7 Invocations
 + Level 2.5 Evocations


You had 13 spell levels left.
You knew the following spells:

 Your Spells              Type           Power      Damage    Failure   Level
a - Magic Dart            Conj           16%        1d3       14%         1
b - Blink                 Tloc           N/A        N/A       22%         2

Your spell library contained the following spells:

 Spells                   Type           Power      Damage    Failure   Level
 Call Imp                 Summ           4%         N/A       22%         2
 Slow                     Hex            4%         N/A       22%         2
 Conjure Flame            Conj/Fire      4%         6-21      41%         3
 Mephitic Cloud           Conj/Pois/Air  4%         N/A       41%         3


Dungeon Overview and Level Annotations

Branches:
Dungeon (2/15)

Altars:


Innate Abilities, Weirdness & Mutations

You have very sharp teeth.
Your uncanny sense of smell can sniff out nearby items.
Your experience applies equally to all skills.


Message History

The worm bites you.
You hit the worm. You bite the worm, but do no damage.
The worm is severely wounded.
The worm bites you!
* * * LOW HITPOINT WARNING * * *
There is a stone staircase leading up here.
You climb upwards.
There is a stone staircase leading down here.
You start resting.
HP restored.
You climb downwards.
The worm bites you.
There is a stone staircase leading up, spattered with blood here.
You hit the worm.
The worm is lightly wounded.
You hit the worm. You bite the worm, but do no damage.
The worm is lightly wounded.
The worm bites you!
You are too injured to fight recklessly!
You are too injured to fight recklessly!
You are too injured to fight recklessly!
You are too injured to fight recklessly!
You are too injured to fight recklessly!
You are too injured to fight recklessly!
You are too injured to fight recklessly!
You are too injured to fight recklessly!
You are too injured to fight recklessly!
You are too injured to fight recklessly!
You hit the worm but do no damage.
The worm is lightly wounded.
You hit the worm.
The worm writhes in agony.
The worm is moderately wounded.
The worm bites you!
You hit the worm but do no damage.
The worm is moderately wounded.
The worm bites you.
* * * LOW HITPOINT WARNING * * *
You climb upwards.
There is a stone staircase leading down here.
The worm bites you!
You die...

##############
#≈##>@.......# ###
#≈##w..#####.####.####
##≈≈#...#..............
#.≈≈..........##.....##
#.≈≈.......######...##
##≈.≈≈......# ##.##
#.≈≈........# #.#
#.≈.≈..≈.#..### #.#
#..≈≈.≈≈.#....#####'####


You could see a worm.

Vanquished Creatures
  2 dart slugs
  4 ball pythons
  2 endoplasms
  A hobgoblin (D:1)
  2 quokkas (D:1)
  A bat (D:1)
  A frilled lizard (D:1)
  2 goblins
  2 kobolds (D:1)
  2 rats (D:1)
19 creatures vanquished.

Notes
Turn   | Place    | Note
-------+----------+-------------------------------------------
     0 | D:1      | frimble the Gnoll Wanderer began the quest for the Orb.
     0 | D:1      | frimble set off with the following items: a +0 club, a
                  | piece from Xom's chessboard (15/15), a +0 robe, a potion of
                  | curing; and the following spell memorised: Magic Dart; and
                  | the following spells available to memorise: Blink, Call
                  | Imp, Slow, Conjure Flame, Mephitic Cloud
     0 | D:1      | Reached XP level 1. HP: 17/17 MP: 8/8
   426 | D:1      | Found a faded altar of an unknown god.
   528 | D:1      | Reached XP level 2. HP: 21/23 MP: 10/10
  1342 | D:1      | Learned a level 2 spell: Blink
  1709 | D:2      | Reached XP level 3. HP: 22/28 MP: 11/11
  2009 | D:1      | Slain by a worm

Illustrated notes

Levels and vault maps discovered:
D:1:      nicolae_arrival_somewhat_less_tricky_arrival, layout_loops_corners,
          shapermc_ecumenical_altar_notcrosses, chequers_serial_rivers_small_3
D:2:      layout_basic, serial_corexii_hall, corexii_hall_statues_u,
          chequers_hall_statues_wall_a, serial_shops, shop, uniq_robin

Action                   || total
-------------------------++-------
Melee: Club              ||    16
       Staff             ||    83
       Bite              ||    13
 Cast: Magic Dart        ||     3
Evoke: Piece from Xom's  ||     2
 Stab: Petrified         ||     5
       Sleeping          ||     2
Armor: Robe              ||     8
Dodge: Dodged            ||    69

Table legend: (Time is in decaauts)
 A = Elapsed time spent in this place.
 B = Non-inter-level travel time spent in this place.
 C = Inter-level travel time spent in this place.
 D = Time resting spent in this place.
 E = Time spent auto-exploring this place.
 F = Levels seen in this place.
 G = Mean time per level.
                   A        B        C        D        E       F      G
               +--------+--------+--------+--------+--------+-----+--------+
         Total |   2015 |   1954 |     61 |    260 |   1470 |   2 | 1007.5 |
       Dungeon |   2015 |   1954 |     61 |    260 |   1470 |   2 | 1007.5 |
               +--------+--------+--------+--------+--------+-----+--------+

Top non-repeatable levels by time:
     D:1: 1956 daAuts
     D:2: 58 daAuts
